 Dungeon Crawl Stone Soup version 0.16-a0-3300-g0332368 (webtiles) character file.

15409 Kemay the Martial Artist (level 12, -1/79 HPs)
             Began as an Octopode Monk on Dec 25, 2014.
             Was a Believer of Sif Muna.
             Killed from afar by a blizzard demon (22 damage)
             ... with a bolt of lightning
             ... on level 1 of the Abyss.
             The game lasted 01:33:02 (19434 turns).

Kemay the Martial Artist (Octopode Monk)           Turns: 19434, Time: 01:33:02

Health: -1/79      AC:  5    Str: 12    XL:     12   Next: 26%
Magic:  0/23       EV: 22    Int: 17    God:    Sif Muna [**....]
Gold:   1765       SH:  0    Dex: 18    Spells: 2 memorised, 2 levels left

rFire  + . .     SeeInvis .     u - +9 spear "Xakiatur" {flame, Str+1 Stlth+}
rCold  + . .     Clarity  .     (no shield)
rNeg   + + .     SustAb   .     (helmet restricted)
rPois  .         Gourm    .     M - amulet of guardian spirit
rElec  .         Spirit   +     d - ring of magical power
rCorr  .         Warding  .     f - ring of positive energy
rMut   .         Stasis   .     i - +5 ring of dexterity
MR     .....                    s - ring of positive energy
Stlth  +++.......               n - ring of Qoodoani {Slay+3 Stlth-}
                                x - ring of teleport control
                                c - ring of Hokuseis {rF+ rC+ Stlth-}
                                (no ring)

@: not resistant to hostile enchantments, fairly stealthy
A: almost no armour, amphibious, 8 rings, constrict 8, rough black scales 1,
camouflage 1, gelatinous body 1
a: Channel Energy, Forget Spell, Renounce Religion, Evoke Teleport Control


You were on level 1 of the Abyss.
You worshipped Sif Muna.
Sif Muna was pleased with you.
You were not hungry.

You visited 4 branches of the dungeon, and saw 18 of its levels.
You visited the Abyss 1 time.
You also visited: Labyrinth and Ossuary.

You collected 1765 gold pieces.

Inventory:

Hand weapons
 a - a +4 greatsling
 u - the +9 spear "Xakiatur" (weapon) {flame, Str+1 Stlth+}
   (You took it off a centaur on level 5 of the Dungeon)

   It emits flame when wielded, causing extra injury to most foes and up to half
   as much damage over again against particularly susceptible opponents.
   It affects your strength (+1).
   It makes you more stealthy.
Missiles
 w - 3 sling bullets
Magical staves
 N - an uncursed staff of conjuration
Jewellery
 c - the ring of Hokuseis (on tentacle) {rF+ rC+ Stlth-}
   (You acquired it in an ossuary)

   [ring of protection from cold]

   It protects you from fire.
   It protects you from cold.
   It makes you less stealthy.
 d - a ring of magical power (left tentacle)
 f - a ring of positive energy (right tentacle)
 i - a +5 ring of dexterity (on tentacle)
 n - the ring of Qoodoani (on tentacle) {Slay+3 Stlth-}
   (You took it off an orc on level 5 of the Dungeon)

   [ring of loudness]

   It affects your accuracy and damage with ranged weapons and melee attacks
   (+3).
   It makes you less stealthy.
 s - a ring of positive energy (on tentacle)
 x - a ring of teleport control (on tentacle)
 M - an amulet of guardian spirit (around mantle)
Magical devices
 j - a wand of slowing (3)
 t - a wand of cold (6)
 J - a wand of digging (6)
 L - a wand of fire (5)
 O - a wand of fire (5)
 P - a wand of frost (20)
Scrolls
 g - a scroll of enchant armour
 h - 2 scrolls of remove curse
 k - 3 scrolls of amnesia
 r - 4 scrolls of fog
 y - a scroll of recharging
Potions
 e - 10 potions of curing
 l - a potion of agility
 v - a potion of berserk rage {unknown}
 A - a potion of brilliance
 B - 5 potions of restore abilities
 C - a potion of degeneration {unknown}
 E - a potion of flight {unknown}
 F - 2 potions of magic
 G - 2 potions of cancellation {unknown}
 H - a potion of lignification {unknown}
 I - 2 potions of resistance
Books
 z - a book of Enchantments

   Spells                             Type                      Level
   a - Tukima's Dance                 Hexes                        3
   b - Cause Fear                     Hexes                        4
   c - Silence                        Hexes/Air                    5
   d - Deflect Missiles               Charms/Air                   6
   e - Haste                          Charms                       6
   f - Discord                        Hexes                        8
 D - the Reference Book on the Voyage and Black Arts
   (You found it on level 11 of the Dungeon)

   Spells                             Type                      Level
   a - Apportation                    Translocation                1
   b - Shroud of Golubria             Charms/Translocation         2
   c - Vampiric Draining              Necromancy                   3
   d - Animate Dead                   Necromancy                   4
   e - Passage of Golubria            Translocation                4
   f - Summon Forest                  Summoning/Translocation      5
 K - a book of the Warp

   Spells                             Type                      Level
   a - Recall                         Summoning/Translocation      3
   b - Control Teleport               Charms/Translocation         4
   c - Force Lance                    Conjuration/Translocation    4
   d - Phase Shift                    Translocation                5
   e - Warp Weapon                    Charms/Translocation         5
   f - Summon Forest                  Summoning/Translocation      5
   g - Gell's Gravitas                Hexes/Translocation          6
Comestibles
 b - 9 bread rations
 m - 5 meat rations
 o - a fruit
 q - 8 beef jerkies


   Skills:
 - Level 6.0 Fighting
 + Level 12.2 Dodging
 - Level 2.6 Stealth
 * Level 13.6 Unarmed Combat
 + Level 3.2 Hexes
 - Level 4.1 Charms
 - Level 1.0 Evocations


You had 2 spell levels left.
You knew the following spells:

 Your Spells              Type           Power        Failure   Level  Hunger
a - Haste                 Chrm           ##......     100%        6    #######
b - Tukima's Dance        Hex            ##......     21%         3    ####...


Dungeon Overview and Level Annotations

Branches:
Dungeon (11/15)            Temple (1/1) D:5            Lair (2/8) D:9
    Orc (4/4) D:11            Elf (0/3) Orc:4

Altars:
Ashenzari
Cheibriados
Dithmenos
Elyvilon
Fedhas
Gozag
Kikubaaqudgha
Makhleb
Nemelex Xobeh
Okawaru
Qazlal
Ru
Sif Muna
Trog
Vehumet
Xom
Yredelemnul
Zin
The Shining One

Shops:
D:4 (   D:7 (   Orc:2 }

Portals:
Trove: D:11 (give +5 demon blade)

Annotations:
D:2 Sigmund


Innate Abilities, Weirdness & Mutations

You cannot wear most types of armour.
You are amphibious.
You can wear up to eight rings at the same time.
You can use your tentacles to constrict many enemies at once.
Your skin changes colour to match your surroundings (Stealth).
Your rubbery body absorbs attacks (AC +1).
You are partially covered in rough black scales (AC +4, Dex -1).


Message History

The worldbinder completely misses you. x2
You hit the worldbinder but do no damage.
You grab the worldbinder.
The worldbinder is severely damaged.
You constrict the worldbinder. The worldbinder hits you.
* * * LOW HITPOINT WARNING * * *
The worldbinder hits you but does no damage.
You hit the worldbinder. You burn the worldbinder.
The worldbinder is severely damaged.
You constrict the worldbinder. The worldbinder closely misses you.
The worldbinder closely misses you. The worldbinder completely misses you.
The worldbinder misses you.
You puncture the worldbinder! You burn the worldbinder.
You destroy the worldbinder!
The orc priest disappears in a puff of smoke! x2
You closely miss the blizzard demon. Your squeeze misses the blizzard demon.
The blizzard demon is heavily wounded.
The blizzard demon gestures at you. The bolt of lightning misses you.
The bolt of lightning hits you!
You die...

....#.#X.o. .#
..###.. X #.###
#......oX..#.#...#
..# .#X#. ..#.##
#.. #X###...#
#...).#.X.#.##
#..#...#..#.###
..#.X##2..# # #.
###x@## .# #
#....#.# ####.#.#
### .# # #. ...
.## # .#..##...#
.# # ...#. # . .
## .# # . # .


You could see 2 starcursed masses, a blizzard demon and a small abomination.

Vanquished Creatures
  Harold (Orc:3)
  Nergalle (Lair:1)
  A spatial maelstrom (Abyss:1)
  2 hill giants
  A worldbinder (Abyss:1)
  2 cyclopes
  A spiny frog (Lair:1)
  2 trolls (D:11)
  2 wandering mushrooms (D:9)
  A komodo dragon (Lair:1)
  2 two-headed ogres
  A basilisk (Lair:1)
  A small abomination (Abyss:1)
  A vampire (Abyss:1)
  5 hippogriffs
  2 wargs
  A water moccasin (Lair:1)
  3 black bears
  2 phantoms
  12 orc warriors
  A yellow wasp (D:9)
  4 ice beasts
  4 sky beasts
  11 ogres
  3 crocodiles
  3 centaurs
  A big kobold (D:11)
  Blork the orc (D:8)
  5 giant frogs
  10 killer bees
  2 wyvern skeletons
  A water moccasin zombie (Ossuary)
  5 scorpions
  8 wights (D:9)
  2 goliath beetles
  3 bog bodies (Ossuary)
  3 electric eels (Lair:1)
  5 crimson imps
  11 orc priests
  6 centaur zombies (Ossuary)
  6 hounds
  4 giant frog zombies
  4 jellies
  3 giant frog skeletons
  7 iguanas
  16 orc wizards
  A killer bee zombie (Ossuary)
  5 worker ants
  Jessica (D:2)
  Terence (D:2)
  A hound skeleton (D:5)
  2 hound zombies (Ossuary)
  13 mummies
  Robin (D:3)
  8 river rats (Lair:1)
  A scorpion zombie (D:8)
  3 worker ant zombies
  5 adders
  3 giant mites
  4 worms
  6 shadow imps
  An adder zombie (Ossuary)
  2 adder skeletons
  An ooze (D:6)
  107 orcs
  A bat skeleton (D:5)
  5 bat zombies (Ossuary)
  8 giant cockroaches
  28 goblins
  15 hobgoblins
  2 jackals (D:5)
  5 quokkas
  21 bats
  2 giant cockroach zombies
  4 giant geckos
  2 giant newts
  A giant spore (D:7)
  20 kobolds
  A quokka zombie (Ossuary)
  22 rats
  5 fungi (D:9)
481 creatures vanquished.

Vanquished Creatures (collateral kills)
  A spectral orc (Lair:1)
  A worker ant zombie (D:7)
2 creatures vanquished.

Vanquished Creatures (others)
  A giant frog (Lair:1)
  A plant (Ossuary)
2 creatures vanquished.

Grand Total: 485 creatures vanquished

Notes
Turn   | Place    | Note
--------------------------------------------------------------
     0 | D:1      | Kemay, the Octopode Monk, began the quest for the Orb.
     0 | D:1      | Reached XP level 1. HP: 16/16 MP: 1/1
    41 | D:1      | Reached XP level 2. HP: 17/21 MP: 2/2
   685 | D:2      | Noticed Terence
   696 | D:2      | Killed Terence
   696 | D:2      | Reached XP level 3. HP: 26/26 MP: 3/3
   861 | D:2      | Noticed Sigmund
  1441 | D:2      | Noticed Jessica
  1448 | D:2      | Killed Jessica
  1448 | D:2      | Reached XP level 4. HP: 31/31 MP: 4/4
  1877 | D:3      | Reached skill level 5 in Unarmed Combat
  1928 | D:3      | Reached XP level 5. HP: 25/36 MP: 5/5
  2056 | D:3      | Noticed Robin
  2062 | D:3      | Killed Robin
  2339 | D:3      | Reached skill level 5 in Dodging
  2923 | D:4      | Noticed an ogre
  3060 | D:4      | Gained mutation: You are partially covered in rough black scales (AC +4, Dex -1). [potion of beneficial mutation]
  3096 | D:4      | Reached XP level 6. HP: 42/42 MP: 6/6
  3166 | D:4      | Killed an ogre
  3413 | D:4      | Reached skill level 6 in Unarmed Combat
  3534 | D:4      | Found a shimmering altar of Xom.
  3786 | D:4      | Found Thoihauj's Antique Weapon Shoppe.
  4517 | D:5      | Entered Level 5 of the Dungeon
  4526 | D:5      | Reached XP level 7. HP: 35/46 MP: 7/7
  4670 | D:5      | Found a staircase to the Ecumenical Temple.
  4679 | Temple   | Entered the Ecumenical Temple
  5419 | D:5      | Reached skill level 7 in Unarmed Combat
  5445 | D:5      | Got a pitted iron ring
  5680 | D:4      | Identified the ring of Qoodoani {Slay+3 Stlth-} (You took it off an orc on level 5 of the Dungeon)
  5691 | D:5      | Reached XP level 8. HP: 49/52 MP: 8/8
  5709 | D:5      | Got a pitted spear {flame}
  5954 | D:5      | Identified the +9 spear "Xakiatur" {flame, Str+1 Stlth+} (You took it off a centaur on level 5 of the Dungeon)
  6515 | D:6      | Reached skill level 5 in Fighting
  6886 | D:6      | Reached skill level 8 in Unarmed Combat
  7165 | D:6      | Reached XP level 9. HP: 42/62 MP: 9/9
  7539 | D:7      | Found a sand-covered staircase.
  7558 | Ossuary  | Entered an ossuary
  7620 | Ossuary  | Reached skill level 1 in Evocations
  7712 | Ossuary  | Learned a level 6 spell: Haste
  7749 | Ossuary  | Identified a scroll of acquirement
  7750 | Ossuary  | Got a shimmering steel ring
  7754 | Ossuary  | Identified the ring of Hokuseis {rF+ rC+ Stlth-} (You acquired it in an ossuary)
  7775 | Ossuary  | Reached skill level 9 in Unarmed Combat
  7937 | D:7      | Found Smosuta's Antique Weapon Boutique.
  8439 | D:7      | Found an ancient bone altar of Kikubaaqudgha.
  8904 | D:7      | Reached skill level 10 in Unarmed Combat
  8978 | D:8      | Found a stormy altar of Qazlal.
  9116 | D:8      | Noticed a cyclops
  9167 | D:8      | Reached XP level 10. HP: 68/68 MP: 11/11
  9486 | D:8      | Noticed Blork the orc
  9792 | D:8      | Killed Blork the orc
 10030 | D:8      | Killed a cyclops
 10173 | D:9      | Found a staircase to the Lair.
 10186 | D:9      | Reached skill level 11 in Unarmed Combat
 10217 | D:9      | Reached skill level 10 in Dodging
 10517 | Temple   | Became a worshipper of Sif Muna the Loreminder
 10517 | Temple   | Acquired Sif Muna's first power
 10517 | Temple   | Acquired Sif Muna's second power
 11335 | D:10     | Entered Level 10 of the Dungeon
 11800 | D:10     | You fall through a shaft!
 11800 | D:11     | Noticed a hill giant
 11851 | D:10     | Reached skill level 1 in Charms
 11988 | D:10     | Found a glowing golden altar of the Shining One.
 12021 | D:10     | Noticed a hill giant
 12032 | D:10     | Killed a hill giant
 12032 | D:10     | Reached XP level 11. HP: 60/72 MP: 12/12
 12448 | D:11     | Killed a hill giant
 12448 | D:11     | Reached skill level 12 in Unarmed Combat
 12633 | D:11     | Identified the Reference Book on the Voyage and Black Arts (You found it on level 11 of the Dungeon)
 12899 | D:11     | Found a portal to a secret trove of treasure.
 13553 | D:11     | Found a staircase to the Orcish Mines.
 14002 | Orc:1    | Entered Level 1 of the Orcish Mines
 14572 | Orc:2    | Learned a level 3 spell: Tukima's Dance
 14679 | Orc:2    | Found a shimmering altar of Xom.
 15076 | Orc:2    | Found Qezarapp's Gadget Shoppe.
 15193 | Orc:3    | Noticed Harold
 15220 | Orc:3    | Killed Harold
 16143 | Orc:4    | Entered Level 4 of the Orcish Mines
 16197 | Orc:4    | Noticed an orc knight
 16198 | Orc:4    | Noticed an ogre mage
 16295 | Orc:4    | Found a staircase to the Elven Halls.
 16296 | Orc:4    | Noticed an ogre mage
 16299 | Orc:4    | Noticed a deep troll
 16299 | Orc:4    | Noticed a hill giant
 16303 | Orc:3    | Reached skill level 1 in Hexes
 16448 | Lair:1   | Entered Level 1 of the Lair of Beasts
 16523 | Lair:1   | Reached skill level 13 in Unarmed Combat
 16588 | Lair:1   | HP: 1/72 [electric eel/bolt of electricity (13)]
 16795 | Lair:1   | Noticed Nergalle
 16838 | Lair:1   | Killed Nergalle
 16838 | Lair:1   | Reached XP level 12. HP: 24/79 MP: 9/14
 17949 | Lair:2   | Found a labyrinth entrance.
 17983 | Lab      | Entered a labyrinth
 18397 | Lab      | Found an exit through the horrors of the Abyss.
 19227 | Lab      | Found an exit through the horrors of the Abyss.
 19232 | Lab      | Took an exit into the Abyss.
 19232 | Abyss:1  | Escaped into the Abyss
 19407 | Abyss:1  | Noticed a blizzard demon
 19414 | Abyss:1  | Noticed a starcursed mass
 19434 | Abyss:1  | Killed from afar by a blizzard demon

Action                   |  1- 3 |  4- 6 |  7- 9 | 10-12 || total
-------------------------+-------+-------+-------+-------++-------
Melee: Unarmed           |    70 |   130 |   195 |   359 ||   754
       Spear             |       |       |    96 |   233 ||   329
 Fire: Greatsling        |       |       |    40 |   121 ||   161
Throw: Stone             |       |       |     1 |       ||     1
       Javelin           |       |       |       |     7 ||     7
Evoke: Wand              |       |       |       |     9 ||     9
  Use: Scroll            |     8 |     6 |    12 |    14 ||    40
       Potion            |       |     1 |     2 |     2 ||     5
 Stab: Sleeping          |    10 |    13 |    11 |     7 ||    41
       Distracted        |       |     2 |     1 |       ||     3
  Eat: Chunk             |     2 |     6 |    12 |    26 ||    46
       Fruit             |       |     2 |     1 |     8 ||    11
       Pizza             |       |     1 |     1 |       ||     2
